 Dungeon Crawl Stone Soup version 0.32-a0-898-g7811c86cf0 (webtiles) character file.

Game seed: 3018729442522654008

382 dialectric the Trooper (level 6, -1/63 HPs)
             Began as a Troll Fighter on Apr 4, 2024.
             Shot with an arrow by a centaur (6 damage)
             ... on level 3 of the Dungeon.
             The game lasted 00:03:29 (2889 turns).

dialectric the Trooper (Troll Fighter)              Turns: 2889, Time: 00:03:29

Health: -1/63      AC:  4    Str: 25    XL:     6   Next: 47%
Magic:  5/5        EV:  9    Int:  4    God:
Gold:   145        SH:  0    Dex: 11    Spells: 5/5 levels left

rFire   . . .        a - +0 flail
rCold   . . .        (no shield)
rNeg    . . .        b - +0 robe
rPois   .            (helmet restricted)
rElec   .            (no cloak)
rCorr   .            (gloves unavailable)
SInv    .            (boots unavailable)
Will    .....        (no amulet)
Stlth   +            (no ring)
HPRegen 1.10/turn    (no ring)
MPRegen 0.09/turn

%: no passive effects
@: no status effects
A: large, unfitting armour, claws 3, regeneration 1, shaggy fur 1, tough skin 1
a: no special abilities


You were on level 3 of the Dungeon.
You visited 1 branch of the dungeon, and saw 4 of its levels.

You collected 145 gold pieces.

Inventory:

Hand Weapons
 a - a +0 flail (weapon)
Armour
 b - a +0 robe (worn)
 c - a +0 kite shield
Jewellery
 f - a ring of protection from cold
 k - a ring of see invisible
Scrolls
 e - a scroll of blinking {unknown}
 g - a scroll of identify {unknown}
 h - a scroll of immolation {unknown}
Potions
 i - a potion of curing {unknown}


   Skills:
 + Level 4.4 Fighting
 * Level 3.7 Maces & Flails
 + Level 3.6 Dodging
 - Level 2.7 Shields


You had 5 spell levels left.
You didn't know any spells.
Your spell library contained the following spells:

 Spells                   Type           Power      Damage    Failure   Level
 Magic Dart               Conj           0%         1d3       50%         1
 Sting                    Conj/Alch      0%         1d3       50%         1
 Blink                    Tloc           0%         N/A       65%         2
 Call Imp                 Summ           0%         N/A       65%         2
 Mercury Vapours          Alch/Air       0%         N/A       65%         2
 Olgreb's Toxic Radiance  Alch           0%         N/A       99%         4


Dungeon Overview and Level Annotations

Branches:
Dungeon (4/15)
 Temple: D:4-7

Altars:
Makhleb

Annotations:
D:4 Eustachio


Innate Abilities, Weirdness & Mutations

You are too large for most types of armour.
You have claws for hands.
Your natural rate of healing is unusually fast.
You are covered in fur. (AC +1)
You have tough skin. (AC +1)


Message History

The centaur kicks you but does no damage.
You hit the centaur but do no damage. The centaur barely misses you.
The centaur closely misses you. The ogre barely misses you.
You hit the centaur.
The centaur is lightly wounded.
The centaur hits you but does no damage.
The centaur kicks you but does no damage.
The centaur closely misses you.
The centaur kicks you but does no damage.
You hit the centaur.
The centaur is moderately wounded.
The centaur hits you.
The centaur kicks you but does no damage.
The ogre barely misses you. The centaur barely misses you.
The centaur closely misses you.
You barely miss the centaur.
The centaur is moderately wounded.
The centaur hits you. The centaur barely misses you.
The gnoll barely misses you. The ogre closely misses you.
The centaur closely misses you. The centaur kicks you.
You hit the centaur but do no damage.
The centaur is moderately wounded.
The centaur closely misses you. The centaur barely misses you.
The gnoll barely misses you.
The ogre hits you with a +0 giant club!!
The centaur hits you. The centaur kicks you.
The gnoll hits you from afar with a +0 spear.
The centaur hits you but does no damage.
The centaur kicks you.
The gnoll hits you from afar with a +0 spear.
* * * LOW HITPOINT WARNING * * *
You climb upwards.
There is a stone staircase leading down, spattered with blood here.
Unknown command.
You are too injured to fight recklessly!
The centaur wields a +0 shortbow.
The centaur shoots an arrow.
The arrow barely misses you. The ogre hits you with a +0 giant club!
* * * LOW HITPOINT WARNING * * *
The centaur shoots an arrow.
The arrow hits you.
You die...

÷......## #..~~≈≈≈~~..##
....#### #..~~≈≈≈≈....# .#.##
########.~~~≈≈~~...# .#.#
#.#.......~P≈≈≈P...# ...#
#..........~≈≈≈~~..# ..#####
#..####....~~≈≈~~..#
...>..####..# #....~~~≈~)..#
#.###...#...# #<...P≈~~~...#
#.# ###....## #@....~~~~...#
#.####.....# ###.)....≈~~..##
#...#..#...###.cO....≈≈P~...#
......#..............P≈~....#
.....................~≈~~~..#
......#..#...#.#....~≈≈≈~~..#
......#........####.PP≈≈~...#
...............# #.~~≈≈P~..#
...).......#.#.## #..≈≈≈P~..#


You could see an ogre and a centaur.

Vanquished Creatures
  An ogre (D:3)
  An orc priest (D:3)
  Terence (D:1)
  Natasha (thrice) (D:3)
  Robin (D:1)
  A gnoll (D:3)
  7 adders
  2 dart slugs
  A ribbon worm (D:2)
  3 orcs
  9 endoplasms
  2 giant cockroaches (D:1)
  9 hobgoblins
  2 jackals (D:2)
  6 kobolds
  2 quokkas
  9 ball pythons
  3 bats
  4 frilled lizards (D:1)
  13 goblins
  7 rats
87 creatures vanquished.

Notes
Turn   | Place    | Note
-------+----------+-------------------------------------------
     0 | D:1      | dialectric the Troll Fighter began the quest for the Orb.
     0 | D:1      | Reached XP level 1. HP: 22/22 MP: 0/0
   206 | D:1      | Reached XP level 2. HP: 29/29 MP: 1/1
   498 | D:1      | Reached skill level 3 in Fighting
   498 | D:1      | Reached XP level 3. HP: 34/37 MP: 2/2
   907 | D:2      | Found a burning altar of Makhleb.
  1409 | D:2      | Reached XP level 4. HP: 45/45 MP: 3/3
  1543 | D:2      | Noticed Robin
  1551 | D:2      | Noticed Terence
  1609 | D:1      | Killed Terence
  1650 | D:1      | Killed Robin
  1896 | D:3      | Noticed Natasha
  1902 | D:3      | Killed Natasha
  1903 | D:3      | Reached XP level 5. HP: 54/54 MP: 4/4
  1907 | D:3      | Noticed Natasha
  1916 | D:3      | Killed Natasha
  1926 | D:3      | Reached skill level 4 in Fighting
  2027 | D:3      | Noticed Natasha
  2034 | D:3      | Killed Natasha
  2340 | D:3      | Noticed an ogre
  2347 | D:3      | Killed an ogre
  2348 | D:3      | Reached XP level 6. HP: 22/62 MP: 5/5
  2738 | D:4      | Noticed Eustachio
  2889 | D:3      | Shot with an arrow by a centaur

Illustrated notes

Levels and vault maps discovered:
D:1:      spicycebolla_arrival_ecumenical, layout_basic
D:2:      layout_loops_corners, basic_altar, uniq_terence, uniq_robin
D:3:      layout_rooms, chequers_big_river, minmay_fountain_box,
          minmay_misc_feat_square, uniq_natasha
D:4:      layout_rooms, grunt_ministairs_13, minmay_snake_closets,
          uniq_menkaure, uniq_eustachio

Skill      XL: |  1  2  3  4  5 |
---------------+----------------+-----
Maces & Flails | 2 3 |  3.7
Fighting       | 3 4 |  4.4
Dodging        | 3 |  3.6
Shields        | |  2.7

Action                     |  1- 3 |  4- 6 || total
---------------------------+-------+-------++-------
  Melee: Flail             |   137 |   163 ||   300
    Use: Potion            |       |     3 ||     3
 Armour: Robe              |   103 |   232 ||   335
  Dodge: Dodged            |    68 |   173 ||   241

Table legend: (Time is in decaauts)
 A = Elapsed time spent in this place.
 B = Non-inter-level travel time spent in this place.
 C = Inter-level travel time spent in this place.
 D = Time resting spent in this place.
 E = Time spent auto-exploring this place.
 F = Levels seen in this place.
 G = Mean time per level.
                   A        B        C        D        E       F      G
               +--------+--------+--------+--------+--------+-----+--------+
         Total |   2974 |   2904 |     70 |     77 |   2050 |   4 |  743.5 |
       Dungeon |   2974 |   2904 |     70 |     77 |   2050 |   4 |  743.5 |
               +--------+--------+--------+--------+--------+-----+--------+

Top non-repeatable levels by time:
     D:2: 971 daAuts
     D:1: 959 daAuts
     D:3: 845 daAuts
     D:4: 197 daAuts
